 Dungeon Crawl Stone Soup version 0.25.0-9-g26727b657a (webtiles) character file.

Game seed: 3306657812851277575

11531 Dirian the Fencer (level 11, -2/99 HPs)
             Began as a Minotaur Fighter on June 19, 2020.
             Slain by a tengu reaver
             ... wielding a +1 war axe of electrocution
              (7 damage)
             ... on level 11 of the Dungeon.
             The game lasted 00:19:15 (12430 turns).

Dirian the Fencer (Minotaur Fighter)               Turns: 12430, Time: 00:19:15

Health: -2/99      AC: 25    Str: 24    XL:     11   Next: 50%
Magic:  14/14      EV:  5    Int:  9    God:
Gold:   652        SH: 12    Dex: 16    Spells: 10/10 levels left

rFire    . . .     SeeInvis .   a - +1 long sword (protect)
rCold    + . .     Gourm    .   c - +0 kite shield
rNeg     . . .     Faith    .   g - +0 plate armour
rPois    .         Spirit   .   (helmet restricted)
rElec    +         Reflect  .   (no cloak)
rCorr    +         Harm     .   p - +0 pair of gloves
MR       .....                  b - +2 pair of boots
Stlth    ..........             (no amulet)
HPRegen  0.26/turn              s - +6 ring of dexterity
MPRegen  0.14/turn              B - ring "Rengy" {rElec rC+ rCorr Int+4}

@: mighty, protection aura
A: retaliatory headbutt, horns 2
a: no special abilities


You were on level 11 of the Dungeon.
You were not hungry.

You visited 2 branches of the dungeon, and saw 12 of its levels.
You also visited: Sewer.

You collected 652 gold pieces.

Inventory:

Hand Weapons
 a - a +1 long sword of protection (weapon)
Armour
 b - a +2 pair of boots (worn)
 c - a +0 kite shield (worn)
 g - a +0 plate armour (worn)
 p - a +0 pair of gloves (worn)
Jewellery
 h - an uncursed ring of fire
 l - an uncursed amulet of faith
 s - a +6 ring of dexterity (left hand)
 B - the ring "Rengy" (right hand) {rElec rC+ rCorr Int+4}
   (You found it on level 8 of the Dungeon)

   [ring of resist corrosion]

   It affects your intelligence (+4).
   It protects you from cold.
   It insulates you from electricity.
   It provides partial protection from all sources of acid and corrosion.
Wands
 f - a wand of acid (9)
 m - a wand of disintegration (26)
 o - a wand of polymorph (10)
 u - a wand of paralysis (3)
Scrolls
 j - a scroll of brand weapon
 r - 7 scrolls of identify
 t - 4 scrolls of teleportation
 x - 9 scrolls of remove curse
 y - a scroll of immolation
 C - a scroll of enchant weapon
 E - a scroll of magic mapping
Potions
 d - a potion of might
 i - 3 potions of mutation
 k - 4 potions of lignification
 n - 3 potions of resistance
 q - 2 potions of curing
 v - a potion of flight
 w - 7 potions of heal wounds
 D - a potion of cancellation {unknown}
Miscellaneous
 A - a phial of floods
Comestibles
 e - 18 rations


   Skills:
 + Level 9.8 Fighting
 + Level 15.0 Long Blades
 - Level 8.0 Armour
 - Level 8.0 Shields
 * Level 5.7 Evocations


You had 10 spell levels left.
You didn't know any spells.
Your spell library contained the following spells:

 Spells                   Type           Power        Failure   Level  Hunger
 Animate Skeleton         Necr           N/A          100%        1    ##.....
 Corona                   Hex            #......      100%        1    ##.....
 Magic Dart               Conj           #...         100%        1    ##.....
 Pain                     Necr           #...         100%        1    ##.....
 Sting                    Tmut/Pois      #...         100%        1    ##.....
 Blink                    Tloc           N/A          100%        2    ###....
 Call Imp                 Summ           #.......     100%        2    ###....
 Ensorcelled Hibernation  Hex/Ice        #.....       100%        2    ###....
 Poisonous Vapours        Pois/Air       #.....       100%        2    ###....
 Searing Ray              Conj           #.....       100%        2    ###....
 Slow                     Hex            #.......     100%        2    ###....
 Confusing Touch          Hex            #.......     100%        3    ####...
 Conjure Flame            Conj/Fire      #.......     100%        3    ####...
 Dazzling Flash           Conj/Hex       #.....       100%        3    ####...
 Ignite Poison            Fire/Tmut/Pois #.......     100%        3    ####...
 Mephitic Cloud           Conj/Pois/Air  #.......     100%        3    ####...
 Tukima's Dance           Hex            #.......     100%        3    ####...
 Vampiric Draining        Necr           #.........   100%        3    ####...
 Animate Dead             Necr           N/A          100%        4    #####..
 Fulminant Prism          Conj/Hex       #.........   100%        4    #####..
 Iskenderun's Mystic Bla  Conj/Tloc      #.......     100%        4    #####..
 Olgreb's Toxic Radiance  Pois           #.......     100%        4    #####..
 Agony                    Necr           #.......     100%        5    ######.


Dungeon Overview and Level Annotations

Branches:
Dungeon (11/15)            Temple (1/1) D:6            Lair (0/6) D:8
    Orc (0/2) D:11          Sewer (visited)

Altars:
Ashenzari
Cheibriados
Dithmenos
Elyvilon
Fedhas
Gozag
Hepliaklqana
Kikubaaqudgha
Makhleb
Nemelex Xobeh
Okawaru
Qazlal
Ru
Sif Muna
Trog
Uskayaw
Vehumet
Wu Jian
Xom
Yredelemnul
Zin
The Shining One

Annotations:
D:6 2 transporters, mopl's ghost, novice OpVM


Innate Abilities, Weirdness & Mutations

You reflexively headbutt those who attack you in melee.
You have a pair of horns on your head.


Message History

You slash the tengu reaver!
Your weapon exudes an aura of protection.
Your headbutt misses the tengu reaver.
The tengu reaver is severely wounded.
You hit the tengu reaver.
The tengu reaver is severely wounded.
You block the tengu reaver's attack.
The tengu reaver pecks you but does no damage.
The tengu reaver claws you but does no damage.
You closely miss the tengu reaver.
You headbutt the tengu reaver, but do no damage.
The tengu reaver is severely wounded.
The tengu reaver gestures wildly while chanting.
You hear a howl!
You slash the tengu reaver! Your headbutt misses the tengu reaver.
The tengu reaver is severely wounded.
The tengu reaver hits you with a +1 war axe of electrocution!!
* * * LOW HITPOINT WARNING * * *
The tengu reaver pecks you!
You die...

######.<..# #.#...#........
(....#....# #.#...#....Q...
.....#....+ #.#####........
.....#....# #.............h
)...##....# #..............
....#.....#########...#+######...
....#.................# #...
....#.......######....# #...
....#......##...@#....# #...
..#'#......#.####Q#...# #...
..#........# ###...# #...
###........# #...Q##+#####...
...........# #............○°.
...........# #...>......Q.°..
...........# ##..............
...........# #............[.
####.......# #............)).


You could see a tengu reaver.

Vanquished Creatures
  A tengu reaver (D:10)
  2 two-headed ogres
  Urug (D:10)
  An ugly thing (D:10)
  A gargoyle (D:9)
  A troll (D:11)
  Grinder (D:5)
  A hippogriff (D:10)
  A spriggan (D:7)
  10 yaks
  A wyvern (D:9)
  2 hungry ghosts (D:11)
  A steam dragon (D:9)
  A warg (D:11)
  Menkaure (D:5)
  A water moccasin (D:3)
  A porcupine (D:8)
  4 orc warriors
  2 hornet zombies
  2 sky beasts
  A black bear (D:8)
  6 centaurs
  4 ogres
  5 big kobolds (Sewer)
  Blork the orc (D:6)
  3 bullfrogs
  A gnoll sergeant (D:5)
  5 scorpions
  A water moccasin skeleton (D:11)
  3 howler monkeys
  5 crimson imps
  2 quasits
  3 jellies
  2 hounds
  6 orc wizards
  3 orc priests
  2 bullfrog skeletons
  2 centaur skeletons
  Ijyb (D:5)
  Natasha (thrice) (D:3)
  3 iguanas
  5 worker ants
  Robin (D:3)
  13 adders
  5 gnolls (D:5)
  4 river rats (Sewer)
  A shadow imp (D:9)
  5 oozes
  An adder zombie (D:6)
  7 worms
  A dart slug (D:3)
  6 leopard geckos
  32 orcs
  5 giant cockroaches
  14 goblins
  12 hobgoblins
  13 jackals
  5 quokkas
  8 ball pythons
  4 bats
  5 frilled lizards
  10 kobolds
  A quokka skeleton (D:6)
  2 quokka zombies
  16 rats
274 creatures vanquished.

Vanquished Creatures (others)
  3 plants (D:9)
3 creatures vanquished.

Grand Total: 277 creatures vanquished

Notes
Turn   | Place    | Note
-------+----------+-------------------------------------------
     0 | D:1      | Dirian the Minotaur Fighter began the quest for the Orb.
     0 | D:1      | Reached XP level 1. HP: 19/19 MP: 0/0
   169 | D:1      | Reached XP level 2. HP: 27/27 MP: 1/1
   562 | D:1      | Reached skill level 3 in Long Blades
   902 | D:2      | Reached XP level 3. HP: 31/33 MP: 2/2
  1097 | D:2      | Found a hazy altar of Hepliaklqana.
  1164 | D:2      | Reached skill level 4 in Long Blades
  1164 | D:2      | Reached XP level 4. HP: 40/40 MP: 3/3
  1238 | D:2      | Found a white marble altar of Elyvilon.
  1890 | D:2      | Found a shimmering blue altar of Sif Muna.
  2022 | D:3      | Reached XP level 5. HP: 44/46 MP: 4/4
  2032 | D:3      | Reached skill level 5 in Long Blades
  2081 | D:3      | Found a sparkling altar of Nemelex Xobeh.
  2087 | D:3      | Noticed a water moccasin
  2092 | D:3      | Killed a water moccasin
  2092 | D:3      | Reached skill level 5 in Shields
  2092 | D:3      | Reached XP level 6. HP: 43/53 MP: 5/5
  2120 | D:3      | Found a hide-covered altar of Uskayaw.
  2123 | D:3      | Noticed Robin
  2134 | D:3      | Killed Robin
  2177 | D:3      | Noticed Natasha
  2181 | D:3      | Killed Natasha
  2251 | D:3      | Found a glowing drain.
  2282 | D:3      | Reached skill level 6 in Long Blades
  2296 | Sewer    | Entered a sewer
  2687 | Sewer    | Reached skill level 5 in Armour
  2728 | Sewer    | Reached XP level 7. HP: 39/60 MP: 6/6
  2968 | Sewer    | Reached skill level 7 in Long Blades
  3317 | Sewer    | Reached skill level 5 in Fighting
  3599 | D:3      | Noticed Natasha
  3608 | D:3      | Killed Natasha
  3772 | D:3      | Noticed Natasha
  3788 | D:3      | Killed Natasha
  4206 | D:4      | Reached skill level 8 in Long Blades
  4394 | D:4      | Reached XP level 8. HP: 66/68 MP: 7/7
  4739 | D:4      | Found a white marble altar of Elyvilon.
  4945 | D:5      | Entered Level 5 of the Dungeon
  4972 | D:5      | Noticed Ijyb
  4989 | D:5      | Killed Ijyb
  4989 | D:5      | Reached skill level 9 in Long Blades
  5399 | D:5      | Noticed Menkaure
  5407 | D:5      | Killed Menkaure
  5756 | D:5      | Noticed Grinder
  5766 | D:5      | Killed Grinder
  5766 | D:5      | Reached skill level 10 in Long Blades
  5774 | D:5      | Noticed a moth of wrath
  5777 | D:5      | Found a bloodstained altar of Trog.
  5884 | D:6      | Found a staircase to the Ecumenical Temple.
  5942 | D:6      | Found a transporter.
  5944 | D:6      | Noticed mopl's ghost (novice OpVM)
  5954 | D:6      | Found a transporter.
  6129 | D:6      | Noticed Blork the orc
  6138 | D:6      | Killed Blork the orc
  6612 | Temple   | Entered the Ecumenical Temple
  6824 | D:6      | Reached XP level 9. HP: 31/75 MP: 8/8
  7084 | D:7      | Reached skill level 1 in Evocations
  7164 | D:7      | Found a shimmering altar of Xom.
  7669 | D:7      | Reached skill level 11 in Long Blades
  7900 | D:8      | Found a shimmering altar of Xom.
  8274 | D:8      | Found a stormy altar of Qazlal.
  8277 | D:8      | Found a radiant altar of Vehumet.
  8279 | D:8      | Got a vibrating glass ring
  8281 | D:8      | Found a basalt altar of Yredelemnul.
  8424 | D:8      | Found a staircase to the Lair.
  8758 | D:8      | Identified the ring "Rengy" {rElec rC+ rCorr Int+4} (You
                  | found it on level 8 of the Dungeon)
  8850 | D:9      | Noticed a two-headed ogre
  8859 | D:9      | Killed a two-headed ogre
  8859 | D:9      | Reached skill level 12 in Long Blades
  8859 | D:9      | Reached XP level 10. HP: 62/84 MP: 11/11
  9541 | D:9      | Reached skill level 13 in Long Blades
  9732 | D:9      | Found a blossoming altar of Fedhas.
  9817 | D:10     | Entered Level 10 of the Dungeon
  9856 | D:10     | Noticed Urug
  9860 | D:10     | Noticed a two-headed ogre
  9866 | D:10     | Killed Urug
  9871 | D:10     | Killed a two-headed ogre
 10039 | D:10     | Identified the +4 robe of a wizard's laboratory {Str+6}
 10185 | D:10     | Noticed a green ugly thing
 10203 | D:10     | Killed a green ugly thing
 10203 | D:10     | Reached skill level 14 in Long Blades
 10344 | D:10     | Noticed a gargoyle
 10710 | D:9      | Killed a gargoyle
 10710 | D:9      | Reached XP level 11. HP: 92/95 MP: 13/13
 10894 | D:10     | Reached skill level 5 in Evocations
 11535 | D:11     | Noticed a tengu reaver
 11956 | D:10     | Killed a tengu reaver
 11956 | D:10     | Reached skill level 15 in Long Blades
 12349 | D:11     | Found a staircase to the Orcish Mines.
 12387 | D:11     | Noticed a tengu reaver
 12430 | D:11     | Slain by a tengu reaver

Illustrated notes

Levels and vault maps discovered:
D:1:      dpeg_chamrin_arrival_tetris, layout_basic, dk_noncrumbling_3
D:2:      layout_loops_ring, marbit_many_paths, lemuel_round_altar, led_sif_pool
D:3:      layout_loops_ring, lemuel_doored_altar, lemuel_crystal_altar,
          cheibrodos_sewer_entry_bend, uniq_natasha, uniq_robin
D:4:      layout_loops_ring, first_ration, lemuel_tele_altar
D:5:      layout_loops_cross, tgw_trog, uniq_grinder, uniq_ijyb, uniq_menkaure
D:6:      layout_basic, minmay_temple_entry_statues, gammafunk_ghost_smash,
          serial_rivers, chequers_serial_rivers_small_3,
          chequers_serial_rivers_micro_c, chequers_serial_rivers_large_a,
          chequers_serial_rivers_small_a, chequers_serial_rivers_large_b,
          chequers_serial_rivers_marsh, kennysheep_decorative_pillar,
          uniq_blork_the_orc
D:7:      layout_rooms, basic_altar, the_bakery, kennysheep_generic_room_9
D:8:      layout_basic, xom_teletrap_fun, minitemple,
          grunt_lair_entry_orc_guard_hut
D:9:      layout_rooms, fedhas_altar_1
D:10:     layout_long_grid, minmay_misc_feat_secret_circle, uniq_urug
D:11:     minmay_mutant_horseshoe, layout_irregular_city, david_orc_3,
          serial_shops, shop_coins
Temple:   jpeg_temple_clearing

Skill      XL: |  1  2  3  4  5  6  7  8  9 10 11 |
---------------+----------------------------------+-----
Long Blades    | 3 4 5 6 8 10 12 14 15 | 15.0
Shields        | 4 5 6 7 8 |  8.0
Armour         | 4 5 6 7 8 |  8.0
Fighting       | 4 5 6 8 9 |  9.8
Evocations     | 3 4 5 |  5.7

Action                   |  1- 3 |  4- 6 |  7- 9 | 10-12 || total
-------------------------+-------+-------+-------+-------++-------
Melee: Long sword        |    95 |   175 |   412 |   365 ||  1047
       Headbutt          |    12 |    30 |    80 |   111 ||   233
  Use: Scroll            |       |       |    19 |       ||    19
       Potion            |       |       |     1 |     4 ||     5
  Eat: Chunk             |     1 |     5 |    20 |    15 ||    41
       Ration            |       |       |       |     1 ||     1
Armor: Scale mail        |    31 |    81 |    34 |       ||   146
       Chain mail        |       |       |   118 |   118 ||   236
       Plate armour      |       |       |       |    16 ||    16
Dodge: Dodged            |    21 |    66 |    71 |    51 ||   209
Block: Kite shield       |    55 |    94 |   188 |   162 ||   499
       Rpst.: Long sword |     5 |    15 |    14 |    11 ||    45
